 Dungeon Crawl Stone Soup version 0.32-a0-593-g85ff8e36a1 (webtiles) character file.

Game seed: 15353143924264926646

562 peter4 the Ruffian (level 7, -1/52 HPs)
             Began as a Demonspawn Shapeshifter on Mar 2, 2024.
             Was an Initiate of Gozag.
             Killed from afar by an orc wizard (7 damage)
             ... with a magic dart
             ... on level 4 of the Dungeon.
             The game lasted 00:13:06 (3435 turns).

peter4 the Ruffian (Demonspawn Shapeshifter)        Turns: 3435, Time: 00:13:06

Health: -1/52      AC: 10    Str: 16    XL:     7   Next: 10%
Magic:  7/7        EV:  0    Int: 11    God:    Gozag
Gold:   137        SH:  0    Dex: 12    Spells: 6/6 levels left

rFire   . .          .
                       - Unarmed
rCold   + + +        (no shield)
rNeg    . . .        v - +1 ice dragon scales
rPois   +            (helmet currently unavailable)
rElec   +            (cloak currently unavailable)
rCorr   +            (gloves currently unavailable)
SInv    .            (boots currently unavailable)
Will    .....        (no amulet) Stlth
                     (no ring)
HPRegen 0.28/turn    (no ring)
MPRegen 0.10/turn

%: no passive effects
@: beast-form, resistant, gold aura, attractive, wreathed by umbra, constricted
A: beast (slay +2), claws 2, condensation shield, foul shadow 1
a: Begin Untransformation, Renounce Religion, Potion Petition, Call Merchant,
Bribe Branch


You were on level 4 of the Dungeon.
You worshipped Gozag.
Gozag was aware of your devotion.
You were a hulking beast.
You visited 2 branches of the dungeon, and saw 7 of its levels.

You collected 269 gold pieces.
You paid 132 gold pieces to Gozag.

Inventory:

Missiles
 h - 4 atropa-tipped darts {!f}
 p - 7 poisoned darts (quivered)
 s - 2 throwing nets
Armour
 a - a +0 animal skin
 f - a scarf of harm
 g - a +0 chain mail
 j - a scarf of resistance
 m - a +0 tower shield
 v - +1 ice dragon scales (worn)
Magical Staves
 l - a staff of death
Jewellery
 e - a +6 ring of strength
Talismans
 c - a beast talisman (active)
 d - a flux talisman
Wands
 r - a wand of mindburst (19)
 t - a wand of flame (16)
Scrolls
 i - 4 scrolls of identify
Potions
 b - a potion of lignification
 k - 2 potions of mutation
 n - a potion of resistance
 o - a potion of invisibility {unknown}
 q - a potion of curing {unknown}
 u - a potion of attraction


   Skills:
 + Level 3.4 Fighting
 + Level 3.5 Dodging
 + Level 2.3 Shields
 + Level 4.1 Unarmed Combat
 + Level 3.9 Shapeshifting


You had 6 spell levels left.
You didn't know any spells.
Your spell library was empty.

Dungeon Overview and Level Annotations

Branches:
Dungeon (6/15)             Temple (1/1) D:4

Altars:
Ashenzari
Cheibriados
Dithmenos
Fedhas
Gozag
Hepliaklqana
Kikubaaqudgha
Makhleb
Nemelex Xobeh
Okawaru
Sif Muna
Uskayaw
Wu Jian
Xom
Yredelemnul


Innate Abilities, Weirdness & Mutations

You are a hulking beast.
Your limbs bulge with bestial killing power. (Slay +2)
You have very sharp fingernails.
A meltable shield of frost defends you. (SH +0)
You are faintly shadowed, very rarely releasing foul flame when damaged in melee.


Message History

The ball python constricts you. Something hits you but does no damage.
The orc priest hits you from afar with a +0 trident.
Something hits you but does no damage.
You take 3 damage, and have 23/52 hp.
You scratch something.
The ball python bites you but does no damage.
The ball python constricts you.
You hear some strange, mumbled words.
A puff of flame appears from out of thin air!
The puff of flame hits you!
Your condensation shield dissipates!
The fire burns you terribly!
* * * LOW HITPOINT WARNING * * *
The orc priest mumbles some strange prayers to Beogh against you.
Something writhes in agony!
Something completely misses you.
You take 12 damage, and have 11/52 hp.
MASSIVE DAMAGE!!
Danger
Okay, then.
It was a potion of resistance.
You feel protected.
n - a potion of resistance;
m - a +0 tower shield The ball python bites you but does no damage.
The ball python constricts you. Something hits you.
* * * LOW HITPOINT WARNING * * *
Something is seared by the foul flame within you.
The orc priest hits you but does no damage.
You hear a shout!
You take 2 damage, and have 9/52 hp.
It was a potion of attraction.
You feel attractive to monsters. The ball python bites you.
* * * LOW HITPOINT WARNING * * *
The ball python constricts you.
The ball python bites you but does no damage.
The ball python constricts you.
You hear some strange, mumbled words.
A magic dart appears from out of thin air!
The magic dart hits you!
You die...
Your body crumbles into a pile of gold.

......####...........#
#.........#...........#
#......#.............##
........##.........##
#.......#.........#
####...............##
#.................##
##....S{...........#
#....o{h$....#....##
#....o#########.###
#.... ### #... #.. #. #


You could see an orc priest, an orc and a ball python.

Vanquished Creatures
  A black bear (D:6)
  An ice beast (D:5)
  A phantom (D:4)
  A hound (D:4)
  A bombardier beetle (D:4)
  3 orc wizards
  7 gnolls
  4 adders
  A dart slug (D:2)
  A ribbon worm (D:2)
  2 orcs (D:2)
  6 ball pythons
  5 endoplasms
  3 giant cockroaches
  3 goblins
  3 hobgoblins
  3 quokkas
  6 bats
  3 frilled lizards
  4 kobolds (D:1)
  4 rats
63 creatures vanquished.

Notes
Turn   | Place    | Note
-------+----------+-------------------------------------------
     0 | D:1      | peter4 the Demonspawn Shapeshifter began the quest for the
                  | Orb.
     0 | D:1      | Reached XP level 1. HP: 15/15 MP: 1/1
   255 | D:1      | Gained mutation: You have sharp fingernails. [demonic
                  | ancestry]
   255 | D:1      | Reached XP level 2. HP: 15/21 MP: 2/2
   834 | D:2      | Reached skill level 3 in Unarmed Combat
   834 | D:2      | Gained mutation: A meltable shield of frost defends you.
                  | (SH +0) [demonic ancestry]
   834 | D:2      | Reached XP level 3. HP: 21/27 MP: 3/3
  1109 | D:2      | Gained mutation: You are faintly shadowed, very rarely
                  | releasing foul flame when damaged in melee. [demonic
                  | ancestry]
  1109 | D:2      | Reached XP level 4. HP: 29/33 MP: 4/4
  2058 | D:3      | Found a faded altar of an unknown god.
  2078 | D:3      | Reached XP level 5. HP: 39/39 MP: 5/5
  2104 | D:3      | Reached skill level 1 in Shields
  2407 | D:3      | You fall into a shaft and drop 3 floors!
  2597 | D:6      | Noticed a black bear
  2605 | D:6      | Killed a black bear
  2606 | D:6      | Reached XP level 6. HP: 26/46 MP: 6/6
  2681 | D:5      | Entered Level 5 of the Dungeon
  2698 | D:5      | Noticed an ice beast
  2720 | D:5      | Killed an ice beast
  2730 | D:4      | Reached skill level 4 in Unarmed Combat
  3121 | D:4      | Found a staircase to the Ecumenical Temple.
  3130 | Temple   | Entered the Ecumenical Temple
  3200 | Temple   | Became a worshipper of Gozag Ym Sagoz the Greedy
  3365 | D:4      | Gained mutation: You have very sharp fingernails. [demonic
                  | ancestry]
  3365 | D:4      | Reached XP level 7. HP: 51/52 MP: 7/7
  3435 | D:4      | Killed from afar by an orc wizard

Illustrated notes

Levels and vault maps discovered:
D:1:      minmay_arrival_plants_in_alcoves, layout_rooms, minivault_14,
          minmay_misc_feat_columns
D:2:      layout_loops_corners, serial_rivers, chequers_serial_rivers_small_b,
          chequers_serial_rivers_small_a, chequers_serial_rivers_small_3,
          chequers_serial_rivers_room_b, chequers_serial_rivers_small_b,
          chequers_serial_rivers_large_a, minmay_pentomino_s4
D:3:      layout_loops_ring, mainiacjoe_overflow_24_doors,
          dreamdust_ecumenical_altar_grove
D:4:      layout_cave_pods, marbit_many_paths, minmay_temple_entry_wispy
D:5:      layout_layer_cave
D:6:      layout_basic, mainiacjoe_overflow_alcove_4
Temple:   minmay_temple_bridge_d

Skill      XL: |  1  2  3  4  5  6 |
---------------+-------------------+-----
Dodging        | 2 3 |  3.5
Unarmed Combat | 3 4 |  4.1
Shapeshifting  | 3 |  3.9
Fighting       | 2 3 |  3.4
Shields        | 1 2 |  2.3

Action                     |  1- 3 |  4- 6 |  7- 9 || total
---------------------------+-------+-------+-------++-------
  Melee: Unarmed           |    95 |   126 |    11 ||   232
    Use: Potion            |     1 |     1 |     2 ||     4
         Scroll            |       |     3 |       ||     3
 Armour: Animal skin       |    21 |       |       ||    21
         Chain mail        |    56 |    47 |       ||   103
         Ice dragon scales |       |    77 |    39 ||   116
  Dodge: Dodged            |    39 |    55 |     3 ||    97
  Block: Other             |     6 |    24 |     5 ||    35

Table legend: (Time is in decaauts)
 A = Elapsed time spent in this place.
 B = Non-inter-level travel time spent in this place.
 C = Inter-level travel time spent in this place.
 D = Time resting spent in this place.
 E = Time spent auto-exploring this place.
 F = Levels seen in this place.
 G = Mean time per level.
                   A        B        C        D        E       F      G
               +--------+--------+--------+--------+--------+-----+--------+
         Total |   3459 |   3224 |    235 |    494 |   1863 |   7 |  494.1 |
       Dungeon |   3318 |   3221 |     97 |    494 |   1863 |   6 |  553.0 |
        Temple |    140 |      2 |    138 |      0 |      0 |   1 |  140.0 |
               +--------+--------+--------+--------+--------+-----+--------+

Top non-repeatable levels by time:
     D:2: 1269 daAuts
     D:3: 787 daAuts
     D:1: 630 daAuts
     D:4: 318 daAuts
     D:6: 272 daAuts
  Temple: 140 daAuts
     D:5: 39 daAuts
